 Dungeon Crawl Stone Soup version 0.23.2-33-g5129a83184 (webtiles) character file.

Game seed: 3651228183317396179

401 troglodite the Charmwright (level 6, -2/51 HPs)
             Began as a Gnoll Skald on July 25, 2019.
             Slain by an orc
             ... wielding a +0 flail
              (9 damage)
             ... on level 3 of the Dungeon.
             The game lasted 00:11:10 (3643 turns).

troglodite the Charmwright (Gnoll Skald)            Turns: 3643, Time: 00:11:11

Health: -2/51      AC:  8    Str: 13    XL:     6   Next: 85%
Magic:  9/14       EV: 13    Int: 15    God:
Gold:   151        SH:  0    Dex: 17    Spells: 8/15 levels left

rFire    . . .     SeeInvis .   a - +0 spear
rCold    . . .     Gourm    .   (no shield)
rNeg     . . .     Faith    .   e - +0 ring mail
rPois    .         Spirit   .   t - +0 helmet
rElec    .         Reflect  .   r - +0 cloak
rCorr    +         Harm     .   (no gloves)
MR       .....                  (no boots)
Stlth    ++........             (no amulet)
HPRegen  1.17/turn              k - ring of resist corrosion
MPRegen  0.14/turn              l - ring of wizardry

@: regenerating (expiring)
A: distributed training, fangs 1, strong nose
a: no special abilities


You were on level 3 of the Dungeon.
You were not hungry.

You visited 1 branch of the dungeon, and saw 3 of its levels.

You collected 151 gold pieces.

Inventory:

Hand Weapons
 a - a +0 spear (weapon)
Armour
 e - a +0 ring mail (worn)
 r - a +0 cloak (worn)
 t - a +0 helmet (worn)
Jewellery
 k - a ring of resist corrosion (left hand)
 l - a ring of wizardry (right hand)
Wands
 i - a wand of flame (13)
Scrolls
 c - a scroll of identify {unknown}
 g - a scroll of teleportation {unknown}
 n - a scroll of remove curse {unknown}
 o - 2 scrolls of blinking {unknown}
 s - a scroll of random uselessness {unknown}
Potions
 b - a potion of degeneration {unknown}
 f - 2 potions of mutation {unknown}
 h - 3 potions of heal wounds {unknown}
 j - 2 potions of haste {unknown}
 m - a potion of brilliance {unknown}
 q - 2 potions of cancellation {unknown}
Comestibles
 d - 4 rations
 p - 4 chunks of flesh


   Skills:
 + Level 5.0 Fighting
 + Level 2.1 Short Blades
 + Level 2.1 Long Blades
 + Level 2.1 Axes
 + Level 2.1 Maces & Flails
 + Level 5.0 Polearms
 + Level 2.1 Staves
 + Level 2.1 Slings
 + Level 2.1 Bows
 + Level 2.1 Crossbows
 + Level 2.1 Throwing
 + Level 3.3 Armour
 + Level 5.0 Dodging
 + Level 2.1 Stealth
 + Level 2.1 Shields
 + Level 2.1 Unarmed Combat
 + Level 5.4 Spellcasting
 + Level 1.6 Conjurations
 + Level 1.6 Hexes
 + Level 5.7 Charms
 + Level 1.6 Summonings
 + Level 1.6 Necromancy
 + Level 1.6 Translocations
 + Level 1.6 Transmutations
 + Level 1.6 Fire Magic
 + Level 1.6 Ice Magic
 + Level 1.6 Air Magic
 + Level 1.6 Earth Magic
 + Level 1.6 Poison Magic
 + Level 2.3 Invocations
 + Level 2.1 Evocations


You had 8 spell levels left.
You knew the following spells:

 Your Spells              Type           Power        Failure   Level  Hunger
a - Infusion              Chrm           ###.         1%          1    None
b - Spectral Weapon       Hex/Chrm       ###.....     9%          3    ###....
c - Regeneration          Chrm/Necr      ###.......   9%          3    ###....

Your spell library contained the following spells:

 Spells                   Type           Power        Failure   Level  Hunger
 Song of Slaying          Chrm           ###.....     1%          2    #......
 Shroud of Golubria       Chrm/Tloc      ###.......   4%          2    #......


Dungeon Overview and Level Annotations

Branches:
Dungeon (3/15)

Altars:
Kikubaaqudgha
Qazlal
Xom
Yredelemnul


Innate Abilities, Weirdness & Mutations

Your experience applies equally to all skills.
You have very sharp teeth.
Your uncanny sense of smell can sniff out nearby items.


Message History

The orc wizard is severely wounded.
Your spectral weapon barely misses the orc wizard.
The orc wizard misses you. The orc hits you with a +0 flail.
* * * LOW HITPOINT WARNING * * *
Unknown command.
You miss the orc wizard.
The orc wizard is severely wounded.
Your spectral weapon barely misses the orc wizard.
The orc misses you. The orc wizard misses you.
You hit the orc wizard.
You kill the orc wizard!
The orc misses you. The orc hits you with a +0 flail.
* * * LOW HITPOINT WARNING * * *
Unknown command.
You hit the orc.
The orc is lightly wounded.
Your skin is crawling a little less now.
Your spectral weapon hits the orc.
The orc misses you. The orc hits you with a +0 flail!
You die...

# #....# #.......÷...#### #
#....# #.<............# #
#....# #............#.#
###....# ####.#######.#.#
.......# .# #.#######.#.#
.....### ...####
#.#....##.#.# .....# #.....
#....#....#.# ..÷÷.#
#...#######..###.# .....#
#..)@.)...#......# .....#
......o(o..#.###.#..# .....#
.#.......#.#.)......# ...>.#
#.......#.#..#.....# .....#
#.#.......#.#..#....## ###.##
#.#.......#.#..#..#.#
###.#####.#.......#.####.##.#
##...>.##.#.......#.#...<...#
....##.##.# .# #.#######


You could see 2 orcs and a friendly spectral +0 spear.

Vanquished Creatures
  A phantom (D:2)
  2 orc priests (D:3)
  2 orc wizards (D:3)
  Jessica (D:2)
  7 adders
  An ooze (D:3)
  3 worms (D:2)
  2 dart slugs (D:1)
  A leopard gecko (D:1)
  11 orcs (D:3)
  5 giant cockroaches
  11 goblins
  6 hobgoblins
  4 jackals (D:3)
  13 kobolds
  A quokka (D:2)
  10 bats
  6 frilled lizards
  8 rats
95 creatures vanquished.

Notes
Turn   | Place    | Note
-------+----------+-------------------------------------------
     0 | D:1      | troglodite the Gnoll Skald began the quest for the Orb.
     0 | D:1      | Reached XP level 1. HP: 20/20 MP: 6/6
     9 | D:1      | Noticed a bullfrog
   191 | D:1      | Reached XP level 2. HP: 26/26 MP: 7/7
   887 | D:2      | Reached skill level 5 in Spellcasting
   887 | D:2      | Reached XP level 3. HP: 24/31 MP: 7/9
   998 | D:2      | Learned a level 3 spell: Spectral Weapon
  1002 | D:2      | Learned a level 3 spell: Regeneration
  1049 | D:2      | Reached skill level 1 in Invocations
  1062 | D:2      | Noticed a phantom
  1114 | D:2      | Killed a phantom
  1114 | D:2      | Reached skill level 1 in Short Blades
  1114 | D:2      | Reached skill level 1 in Long Blades
  1114 | D:2      | Reached skill level 1 in Axes
  1114 | D:2      | Reached skill level 1 in Maces & Flails
  1114 | D:2      | Reached skill level 1 in Staves
  1114 | D:2      | Reached skill level 1 in Slings
  1114 | D:2      | Reached skill level 1 in Bows
  1114 | D:2      | Reached skill level 1 in Crossbows
  1114 | D:2      | Reached skill level 1 in Throwing
  1114 | D:2      | Reached skill level 1 in Stealth
  1114 | D:2      | Reached skill level 1 in Shields
  1114 | D:2      | Reached skill level 1 in Unarmed Combat
  1114 | D:2      | Reached skill level 1 in Conjurations
  1114 | D:2      | Reached skill level 1 in Hexes
  1114 | D:2      | Reached skill level 1 in Summonings
  1114 | D:2      | Reached skill level 1 in Necromancy
  1114 | D:2      | Reached skill level 1 in Translocations
  1114 | D:2      | Reached skill level 1 in Transmutations
  1114 | D:2      | Reached skill level 1 in Fire Magic
  1114 | D:2      | Reached skill level 1 in Ice Magic
  1114 | D:2      | Reached skill level 1 in Air Magic
  1114 | D:2      | Reached skill level 1 in Earth Magic
  1114 | D:2      | Reached skill level 1 in Poison Magic
  1114 | D:2      | Reached skill level 1 in Evocations
  1114 | D:2      | Reached XP level 4. HP: 24/38 MP: 1/11
  1114 | D:2      | Reached XP level 5. HP: 27/43 MP: 1/12
  2081 | D:2      | Noticed Jessica
  2090 | D:2      | Killed Jessica
  2172 | D:2      | Found a shimmering altar of Xom.
  2321 | D:2      | Reached XP level 6. HP: 49/50 MP: 13/13
  2331 | D:2      | Found an ancient bone altar of Kikubaaqudgha.
  3187 | D:3      | Found a stormy altar of Qazlal.
  3223 | D:3      | Found a basalt altar of Yredelemnul.
  3379 | D:3      | Reached skill level 5 in Fighting
  3379 | D:3      | Reached skill level 5 in Polearms
  3379 | D:3      | Reached skill level 5 in Dodging
  3643 | D:3      | Slain by an orc

Skill      XL: |  1  2  3  4  5  6 |
---------------+-------------------+-----
Spellcasting   | 5 |  5.4
Invocations    | 1 2 |  2.3
Short Blades   | 1 2 |  2.1
Long Blades    | 1 2 |  2.1
Axes           | 1 2 |  2.1
Maces & Flails | 1 2 |  2.1
Staves         | 1 2 |  2.1
Slings         | 1 2 |  2.1
Bows           | 1 2 |  2.1
Crossbows      | 1 2 |  2.1
Throwing       | 1 2 |  2.1
Stealth        | 1 2 |  2.1
Shields        | 1 2 |  2.1
Unarmed Combat | 1 2 |  2.1
Conjurations   | 1 |  1.6
Hexes          | 1 |  1.6
Summonings     | 1 |  1.6
Necromancy     | 1 |  1.6
Translocations | 1 |  1.6
Transmutations | 1 |  1.6
Fire Magic     | 1 |  1.6
Ice Magic      | 1 |  1.6
Air Magic      | 1 |  1.6
Earth Magic    | 1 |  1.6
Poison Magic   | 1 |  1.6
Evocations     | 1 2 |  2.1
Armour         | 3 |  3.3
Fighting       | 5 |  5.0
Polearms       | 5 |  5.0
Dodging        | 5 |  5.0
Charms         | |  5.7

Action                   |  1- 3 |  4- 6 || total
-------------------------+-------+-------++-------
Melee: Spear             |   105 |   303 ||   408
       Bite              |     7 |    30 ||    37
       Punch             |       |     3 ||     3
 Cast: Spectral Weapon   |     3 |     9 ||    12
       Regeneration      |       |     2 ||     2
 Stab: Distracted        |       |     3 ||     3
       Sleeping          |       |     2 ||     2
  Eat: Chunk             |       |    10 ||    10
Armor: Leather armour    |     8 |       ||     8
       Ring mail         |    16 |    80 ||    96
Dodge: Dodged            |    32 |   159 ||   191
